 Dungeon Crawl Stone Soup version 0.32-a0-41-gec2d92a32c (webtiles) character file.

Game seed: 1300096895135786030

274 whatisthis the Covert (level 6, 0/51 HPs)
             Began as a Gnoll Brigand on Jan 25, 2024.
             Slain by a jelly (2 damage)
             ... on level 4 of the Dungeon.
             The game lasted 00:06:56 (3029 turns).

whatisthis the Covert (Gnoll Brigand)               Turns: 3029, Time: 00:06:57

Health: 0/51       AC: -1    Str: 11    XL:     6   Next: 24%
Magic:  9/9        EV: 11    Int: 10    God:
Gold:   84         SH:  0    Dex: 19    Spells: 9/9 levels left

rFire   . . .        s - +5 mace of the Inviting Butterfly {flame, rC+++ Dex+4 SInv}
rCold   + + +        (no shield)
rNeg    . . .        v - +0 ring mail
rPois   .            (no helmet)
rElec   .            c - +0 cloak
rCorr   .            (no gloves)
SInv    +            (no boots)
Will    .....        (no amulet)
Stlth   +++          f - ring of flight
HPRegen 0.28/turn    (no ring)
MPRegen 0.11/turn

%: no passive effects
@: corroded, flying
A: fangs 1, strong nose, distributed training
a: no special abilities


You were on level 4 of the Dungeon.
You visited 1 branch of the dungeon, and saw 4 of its levels.

You collected 84 gold pieces.

Inventory:

Hand Weapons
 a - a +2 dagger
 i - a +0 dagger of flaming
 s - the +5 mace of the Inviting Butterfly (weapon) {flame, rC+++ Dex+4 SInv}
   (You found it on level 2 of the Dungeon)

   Dex+4:     It affects your dexterity (+4).
   rC+++:     It renders you almost immune to cold.
   SInv:      It lets you see invisible.
Missiles
 d - 12 poisoned darts
 e - 9 curare-tipped darts
 w - a boomerang
 y - a throwing net (quivered)
Armour
 c - a +0 cloak (worn)
 v - a +0 ring mail (worn)
Jewellery
 f - a ring of flight (left hand)
 r - an amulet of magic regeneration
Scrolls
 g - a scroll of enchant weapon {unknown}
 k - a scroll of identify {unknown}
 l - a scroll of fear {unknown}
 m - a scroll of vulnerability {unknown}
 p - a scroll of enchant armour {unknown}
 q - a scroll of immolation
 t - a scroll of amnesia {unknown}
 A - a scroll of fog {unknown}
Potions
 b - a potion of mutation {unknown}
 h - a potion of ambrosia {unknown}
 j - a potion of heal wounds {unknown}
 n - a potion of lignification {unknown}
 o - a potion of curing {unknown}
 u - a potion of degeneration {unknown}
 x - a potion of invisibility {unknown}
 z - a potion of attraction {unknown}


   Skills:
 + Level 5.0 Fighting
 + Level 5.0 Short Blades
 + Level 2.0 Long Blades
 + Level 2.0 Axes
 + Level 2.0 Maces & Flails
 + Level 2.0 Polearms
 + Level 2.0 Staves
 + Level 2.0 Ranged Weapons
 + Level 5.0 Throwing
 + Level 2.0 Armour
 + Level 3.2 Dodging
 + Level 8.0 Stealth
 + Level 2.0 Shields
 + Level 2.0 Unarmed Combat
 + Level 2.0 Spellcasting
 + Level 1.5 Conjurations
 + Level 1.5 Hexes
 + Level 1.5 Summonings
 + Level 1.5 Necromancy
 + Level 1.5 Translocations
 + Level 1.5 Fire Magic
 + Level 1.5 Ice Magic
 + Level 1.5 Air Magic
 + Level 1.5 Earth Magic
 + Level 1.5 Alchemy
 + Level 2.1 Invocations
 + Level 2.0 Evocations
 + Level 1.7 Shapeshifting


You had 9 spell levels left.
You didn't know any spells.
Your spell library contained the following spells:

 Spells                   Type           Power      Damage    Failure   Level
 Summon Small Mammal      Summ           16%        N/A       36%         1
 Call Canine Familiar     Summ           4%         N/A       75%         3
 Ozocubu's Armour         Ice            4%         N/A       75%         3
 Summon Blazeheart Golem  Fire/Summ      4%         N/A       98%         4
 Metabolic Englaciation   Hex/Ice        2%         N/A       100%        5
 Sculpt Simulacrum        Ice/Alch       2%         N/A       100%        6


Dungeon Overview and Level Annotations

Branches:
Dungeon (4/15)
 Temple: D:4-7

Altars:
Qazlal

Shops:
D:4 (

Annotations:
D:3 1 exclusion, Grinder


Innate Abilities, Weirdness & Mutations

You have very sharp teeth.
Your uncanny sense of smell can sniff out nearby items.
Your experience applies equally to all skills.


Message History

The +5 mace of the Inviting Butterfly {flame, rC+++ Dex+4 SInv} bursts into flame!
s - the +5 mace of the Inviting Butterfly (weapon)
{flame, rC+++ Dex+4 SInv}
Found a dagger.
The +5 mace of the Inviting Butterfly {flame, rC+++ Dex+4 SInv} stops flaming.
a - a +2 dagger (weapon)
The jelly quivers.
You hit the jelly. The acid corrodes you!
Your hands burn!
The jelly is moderately wounded.
The jelly hits you but does no damage.
You hit the jelly but do no damage.
Your hands burn!
The jelly is moderately wounded.
The jelly hits you.
You are splashed with acid!
You hit the jelly.
Your hands burn!
The jelly is heavily wounded.
You hit the jelly.
Your hands burn!
You bite the jelly, but do no damage.
The jelly is heavily wounded.
The jelly barely misses you.
You hit the jelly but do no damage.
Your hands burn!
The jelly is heavily wounded.
The jelly hits you.
You are splashed with acid!
You feel agile.
The +5 mace of the Inviting Butterfly {flame, rC+++ Dex+4 SInv} bursts into flame!
s - the +5 mace of the Inviting Butterfly (weapon)
{flame, rC+++ Dex+4 SInv} You hit the jelly.
You burn the jelly. The acid corrodes you!
Your hands burn!
* * * LOW HITPOINT WARNING * * *
The jelly is severely wounded.
The jelly barely misses you. The jelly hits you.
* * * LOW HITPOINT WARNING * * *
You are splashed with acid!
* * * LOW HITPOINT WARNING * * *
Okay, then.
Throw: throwing net
Press: ? - help, Q - select action, (/) - cycle Shift-Dir - straight line, f - jelly
Aim: a jelly (severely wounded, 90% to hit, immune to nets)
Okay, then.
Unknown command.
As you read the scroll labelled BYCOYPISIH, it crumbles to dust.
The creatures around you are filled with an inner flame!
It was a scroll of immolation.
The jelly hits you.
You die...

..##. ........ ........## ##...#
#...## ###.....# #..)#
#.##....#####..### #. ##..
...#...##..##..#.## .. .....
...........##.....#### #. .....
........##..#...@J...# ##.###....
.......................#.........
....................#............
....##..............# #...∩......
....#.....#.##......# #..........
.#...##.†.#####.###.# ##.........
.....#..#....#..###.. ##.......##
.#.....####..........##..####.##
........ ..####..##......# ##..#


You could see a jelly (inner flame).

Vanquished Creatures
  A bombardier beetle (D:4)
  A hound (D:4)
  A sleepcap (D:4)
  Jessica (D:3)
  2 orc wizards (D:3)
  2 adders (D:2)
  2 ribbon worms
  2 dart slugs
  3 orcs (D:3)
  6 endoplasms
  7 giant cockroaches
  8 goblins
  3 hobgoblins
  4 jackals
  8 kobolds
  3 quokkas
  7 ball pythons
  8 bats
  A rat (D:1)
70 creatures vanquished.

Notes
Turn   | Place    | Note
-------+----------+-------------------------------------------
     0 | D:1      | whatisthis the Gnoll Brigand began the quest for the Orb.
     0 | D:1      | Reached XP level 1. HP: 20/20 MP: 1/1
   123 | D:1      | Reached XP level 2. HP: 26/26 MP: 2/2
   638 | D:2      | Reached XP level 3. HP: 31/31 MP: 3/3
   778 | D:2      | Reached skill level 1 in Invocations
   868 | D:2      | Identified the +5 mace of the Inviting Butterfly {flame,
                  | rC+++ Dex+4 SInv}
   979 | D:2      | Reached skill level 1 in Long Blades
   979 | D:2      | Reached skill level 1 in Axes
   979 | D:2      | Reached skill level 1 in Maces & Flails
   979 | D:2      | Reached skill level 1 in Polearms
   979 | D:2      | Reached skill level 1 in Staves
   979 | D:2      | Reached skill level 1 in Ranged Weapons
   979 | D:2      | Reached skill level 1 in Armour
   979 | D:2      | Reached skill level 1 in Shields
   979 | D:2      | Reached skill level 1 in Unarmed Combat
   979 | D:2      | Reached skill level 1 in Spellcasting
   979 | D:2      | Reached skill level 1 in Evocations
   997 | D:2      | Reached skill level 1 in Shapeshifting
   997 | D:2      | Reached XP level 4. HP: 35/38 MP: 5/5
  1683 | D:3      | Noticed Jessica
  1696 | D:3      | Killed Jessica
  1697 | D:3      | Reached skill level 1 in Conjurations
  1697 | D:3      | Reached skill level 1 in Hexes
  1697 | D:3      | Reached skill level 1 in Summonings
  1697 | D:3      | Reached skill level 1 in Necromancy
  1697 | D:3      | Reached skill level 1 in Translocations
  1697 | D:3      | Reached skill level 1 in Fire Magic
  1697 | D:3      | Reached skill level 1 in Ice Magic
  1697 | D:3      | Reached skill level 1 in Air Magic
  1697 | D:3      | Reached skill level 1 in Earth Magic
  1697 | D:3      | Reached skill level 1 in Alchemy
  1711 | D:3      | Found a faded altar of an unknown god.
  1714 | D:3      | Noticed Grinder
  1997 | D:3      | Reached XP level 5. HP: 34/43 MP: 5/7
  2141 | D:3      | Found a stormy altar of Qazlal.
  2716 | D:4      | Found Vugryss's Antique Weapon Boutique.
  2822 | D:4      | Reached skill level 8 in Stealth
  2875 | D:4      | Reached XP level 6. HP: 40/50 MP: 8/8
  2950 | D:4      | Reached skill level 5 in Fighting
  2950 | D:4      | Reached skill level 5 in Short Blades
  2950 | D:4      | Reached skill level 5 in Throwing
  3028 | D:4      | HP: 2/51 [acid (9)]
  3029 | D:4      | Slain by a jelly

Illustrated notes

Levels and vault maps discovered:
D:1:      mrwooster_arrival_statue_2, layout_loops_ring
D:2:      layout_basic, serial_corexii_hall, chequers_hall_statues_y,
          corexii_hall_statues_deadend
D:3:      layout_basic, grunt_qazlal_sundering, shapermc_ecumenical_altar_venn,
          uniq_jessica, uniq_grinder
D:4:      layout_cave_pools, minmay_temple_entry_water_ring, serial_shops, shop,
          serial_library_hellmonk_big_corner, hex_medium, glass_columns_b,
          serial_library_hellmonk_open_cross

Skill      XL: |  1  2  3  4  5  6 |
---------------+-------------------+-----
Invocations    | 1 2 |  2.1
Long Blades    | 1 2 |  2.0
Axes           | 1 2 |  2.0
Maces & Flails | 1 2 |  2.0
Polearms       | 1 2 |  2.0
Staves         | 1 2 |  2.0
Ranged Weapons | 1 2 |  2.0
Armour         | 1 2 |  2.0
Shields        | 1 2 |  2.0
Unarmed Combat | 1 2 |  2.0
Spellcasting   | 1 2 |  2.0
Evocations     | 1 2 |  2.0
Shapeshifting  | 1 |  1.7
Conjurations   | 1 |  1.5
Hexes          | 1 |  1.5
Summonings     | 1 |  1.5
Necromancy     | 1 |  1.5
Translocations | 1 |  1.5
Fire Magic     | 1 |  1.5
Ice Magic      | 1 |  1.5
Air Magic      | 1 |  1.5
Earth Magic    | 1 |  1.5
Alchemy        | 1 |  1.5
Dodging        | 3 |  3.2
Stealth        | 8 |  8.0
Fighting       | 5 |  5.0
Short Blades   | 5 |  5.0
Throwing       | 5 |  5.0

Action                     |  1- 3 |  4- 6 || total
---------------------------+-------+-------++-------
  Melee: Dagger            |    83 |    56 ||   139
         Bite              |     7 |    10 ||    17
         Punch             |     1 |     1 ||     2
         Mace              |     3 |    54 ||    57
    Use: Scroll            |       |     1 ||     1
   Stab: Sleeping          |    14 |    10 ||    24
 Armour: Robe              |    30 |     3 ||    33
         Ring mail         |       |    57 ||    57
  Dodge: Dodged            |    41 |    48 ||    89

Table legend: (Time is in decaauts)
 A = Elapsed time spent in this place.
 B = Non-inter-level travel time spent in this place.
 C = Inter-level travel time spent in this place.
 D = Time resting spent in this place.
 E = Time spent auto-exploring this place.
 F = Levels seen in this place.
 G = Mean time per level.
                   A        B        C        D        E       F      G
               +--------+--------+--------+--------+--------+-----+--------+
         Total |   2997 |   2920 |     77 |    168 |   1960 |   4 |  749.2 |
       Dungeon |   2997 |   2920 |     77 |    168 |   1960 |   4 |  749.2 |
               +--------+--------+--------+--------+--------+-----+--------+

Top non-repeatable levels by time:
     D:3: 1062 daAuts
     D:2: 1003 daAuts
     D:1: 620 daAuts
     D:4: 310 daAuts
